 Dungeon Crawl Stone Soup version 0.31-a0-692-gf03d1854d5 (webtiles) character file.

Game seed: 17823979004211801707

238 qw the Shooter (level 6, -1/38 HPs)
             Began as a Gargoyle Hunter on Sept 6, 2023.
             Was an Initiate of Okawaru.
             Slain by a gnoll
             ... wielding a +0 halberd
             ... led by a gnoll bouda
              (7 damage)
             ... on level 4 of the Dungeon.
             The game lasted 00:01:05 (2525 turns).

qw the Shooter (Gargoyle Hunter)                    Turns: 2525, Time: 00:01:06

Health: -1/38      AC:  7    Str: 14    XL:     6   Next: 7%
Magic:  6/6        EV: 16    Int: 10    God:    Okawaru [......]
Gold:   226        SH:  0    Dex: 15    Spells: 5/5 levels left

rFire   . . .        Y - +1 shortbow
rCold   . . .        (shield currently unavailable)
rNeg    + . .        c - +0 leather armour
rPois   inf          (no helmet)
rElec   +            (no cloak)
rCorr   .            (no gloves)
SInv    +            (no boots)
Will    .....        (no amulet)
Stlth   ++           j - +5 ring of evasion
HPRegen 0.26/turn    i - ring of see invisible
MPRegen 0.10/turn

%: no passive effects
@: weakened
A: sickness immunity, AC +4, negative energy resistance 1, electricity
resistance, torment resistance 1, petrification resistance
a: Renounce Religion


You were on level 4 of the Dungeon.
You worshipped Okawaru.
Okawaru was noncommittal.
You visited 1 branch of the dungeon, and saw 4 of its levels.

You collected 226 gold pieces.


Innate Abilities, Weirdness & Mutations

You are immune to sickness and miasma.
Your stone body is resilient. (AC +4)
You are immune to poison.
You resist negative energy. (rN+)
You are resistant to electric shocks. (rElec)
You are resistant to unholy torment.
You are immune to petrification.


   Skills:
 - Level 4.0 Fighting
 + Level 6.4 Ranged Weapons
 - Level 1.5 Dodging
 - Level 1.1 Stealth


You had 5 spell levels left.
You didn't know any spells.
Your spell library was empty.

Inventory:

Hand Weapons
 Y - a +1 shortbow (weapon)
Armour
 c - a +0 leather armour (worn)
Jewellery
 b - a ring of protection from fire
 e - a ring of protection from cold
 i - a ring of see invisible (right hand)
 j - a +5 ring of evasion (left hand)
Wands
 h - a wand of digging (6)
Scrolls
 a - a scroll of identify
 d - a scroll of teleportation {unknown}
Potions
 f - 3 potions of curing
 g - a potion of mutation {unknown}
 k - a potion of enlightenment
 l - a potion of cancellation {unknown}

Dungeon Overview and Level Annotations

Branches:
Dungeon (4/15)
 Temple: D:4-7

Altars:
Kikubaaqudgha
Okawaru


Message History

The gnoll bouda shouts!
The arrow hits the gnoll but does no damage.
The gnoll closely misses you. x2
The gnoll bouda gazes fiercely through you!
You feel your attacks grow feeble.
You shoot an arrow. The arrow barely misses the gnoll.
The gnoll misses you. The gnoll hits you but does no damage.
Enter note:
Enter note:
Enter note: You shoot an arrow.
The arrow hits the gnoll but does no damage.
The gnoll closely misses you.
The gnoll hits you from afar with a +0 spear.
You shoot an arrow. The arrow hits the gnoll!
The gnoll is severely wounded.
The gnoll misses you. The gnoll hits you with a +0 flail.
The gnoll hits you from afar with a +0 spear.
The gnoll bouda barks out a call to the hunt!
The gnolls pick up the pace!
You shoot an arrow. The arrow hits the gnoll.
The gnoll is severely wounded.
The gnoll misses you. The gnoll hits you with a +0 flail.
The gnoll hits you but does no damage.
You shoot an arrow. The arrow barely misses the gnoll.
The gnoll hits you but does no damage. The gnoll completely misses you. x2
The gnoll barely misses you.
You shoot an arrow. The arrow barely misses the gnoll.
The gnoll hits you from afar with a +0 spear.
The gnoll closely misses you.
The gnoll bouda gazes fiercely through you!
You feel as though you will be weak longer.
The gnoll misses you.
You shoot an arrow. The arrow hits the gnoll.
The gnoll is almost dead.
The gnoll closely misses you. The gnoll misses you.
The gnoll bouda calls upon its god to heal the gnoll.
The gnoll is healed somewhat.
The gnoll hits you from afar with a +0 halberd!
You die...

..######.........#
..........
.....##..####....#####.
........## ####......
........# #......
........# ##...###
##......#######......#
##...............#... .
#.........%.....##...gg
#..........##.@g##.....
#.....#...###.g.g......
#........## ##..g......
#.......## #.........
.........# #.........
##........ ....####..
###...... ....## .
....... ##..# ##.#


You could see a gnoll bouda and 3 gnolls.

Vanquished Creatures
  An iguana (D:4)
  Natasha (thrice) (D:3)
  3 gnolls
  4 adders
  A worm (D:2)
  5 dart slugs
  9 endoplasms
  3 giant cockroaches
  5 goblins
  5 hobgoblins
  5 jackals (D:3)
  3 quokkas
  5 ball pythons
  2 bats (D:1)
  3 frilled lizards
  6 kobolds
  3 rats (D:1)
66 creatures vanquished.

Notes
Turn   | Place    | Note
-------+----------+-------------------------------------------
     0 | D:1      | qw the Gargoyle Hunter began the quest for the Orb.
     0 | D:1      | Reached XP level 1. HP: 12/12 MP: 1/1
     0 | D:1      | 0 ||| qw: Version: 0.3-a-76-g4403597
     0 | D:1      | 0 ||| qw: Game counter: 192
     0 | D:1      | 0 ||| qw: Melee chars always use a shield: true
     0 | D:1      | 0 ||| qw: God list: Okawaru
     0 | D:1      | 0 ||| qw: Allow faded altars: false
     0 | D:1      | 0 ||| qw: Do Orc after clearing Dungeon:15 true
     0 | D:1      | 0 ||| qw: Do second Lair branch before Depths: true
     0 | D:1      | 0 ||| qw: Lair rune preference: random
     0 | D:1      | 0 ||| qw: Goals: Normal
     0 | D:1      | 0 ||| PLANNING D:1-11
   249 | D:1      | Reached XP level 2. HP: 17/17 MP: 2/2
   332 | D:1      | Found a faded altar of an unknown god.
   466 | D:1      | Reached XP level 3. HP: 21/21 MP: 3/3
   536 | D:1      | 536 ||| UPGRADING to ring of protection from fire.
   537 | D:1      | 537 ||| DRINKING 2 fizzy grey potions.
   538 | D:1      | 538 ||| DROPPING scroll of butterflies.
   559 | D:2      | 559 ||| STAIRDANCE
   561 | D:2      | 561 ||| STAIRDANCE
   569 | D:1      | Reached skill level 5 in Ranged Weapons
   593 | D:2      | 593 ||| Stepping ~*~*~tactically~*~*~ (outnumbered).
   842 | D:2      | Reached skill level 3 in Fighting
  1052 | D:2      | Reached XP level 4. HP: 28/28 MP: 4/4
  1105 | D:2      | 1105 ||| UPGRADING to ring of see invisible.
  1106 | D:2      | 1106 ||| UPGRADING to +5 ring of evasion.
  1108 | D:2      | 1108 ||| READING 2 scrolls labelled SEHIAH VOOJA.
  1109 | D:2      | 1109 ||| READING scroll labelled BYALIXZ HARCHEUS.
  1110 | D:2      | 1110 ||| DRINKING 2 emerald potions.
  1111 | D:2      | 1111 ||| DROPPING potion of magic.
  1170 | D:3      | Found an ancient bone altar of Kikubaaqudgha.
  1183 | D:3      | Found an iron altar of Okawaru.
  1184 | D:3      | 1184 ||| PLANNING OKAWARU WORSHIP
  1184 | D:3      | 1184 ||| READING 2 scrolls of identify.
  1184 | D:3      | 1184 ||| IDENTIFYING brown potion
  1192 | D:3      | Became a worshipper of Warmaster Okawaru
  1193 | D:3      | 1193 ||| PLANNING D:1-11
  1700 | D:3      | 1700 ||| READING scroll labelled PILEQA UJOU.
  1816 | D:3      | Noticed Natasha
  1823 | D:3      | Killed Natasha
  1824 | D:3      | Reached XP level 5. HP: 19/32 MP: 5/5
  1832 | D:3      | Noticed Natasha
  1918 | D:3      | Killed Natasha
  1919 | D:3      | Reached skill level 6 in Ranged Weapons
  1954 | D:3      | Noticed Natasha
  1962 | D:3      | Killed Natasha
  2048 | D:3      | 2048 ||| READING scroll labelled CEWNI NOTIBEBB.
  2049 | D:3      | 2049 ||| DRINKING 2 murky green potions.
  2050 | D:3      | 2050 ||| DRINKING 2 glowing blue potions.
  2051 | D:3      | 2051 ||| DROPPING potion of brilliance.
  2062 | D:4      | 2062 ||| STAIRDANCE
  2111 | D:4      | HP: 4/33 [gnoll/+0 flail (9)]
  2112 | D:4      | 2112 ||| DRINKING potion of heal wounds.
  2157 | D:4      | 2157 ||| FLEEEEING.
  2158 | D:4      | 2158 ||| FLEEEEING.
  2199 | D:4      | Reached XP level 6. HP: 35/38 MP: 6/6
  2510 | D:4      | 2510 ||| Stepping ~*~*~tactically~*~*~ (outnumbered).
  2514 | D:4      | 2514 ||| Stepping ~*~*~tactically~*~*~ (outnumbered).
  2524 | D:4      | HP: 6/38 [gnoll/+0 spear[a gnoll bouda] (5)]
  2525 | D:4      | Slain by a gnoll

Levels and vault maps discovered:
D:1:      zelgadis_glass_arrival_small, layout_basic,
          dreamdust_ecumenical_altar_grove
D:2:      layout_basic
D:3:      layout_basic, kiku_gazebo_pond_becter, okawaru_gym_becter,
          nicolae_kite_square_tiling_tiny, nicolae_eternal_life, uniq_natasha
D:4:      layout_layer_cave

Skill      XL: |  1  2  3  4  5 |
---------------+----------------+-----
Ranged Weapons | 5 6 |  6.4
Fighting       | 3 4 |  4.0
Dodging        | |  1.5
Stealth        | |  1.1

Action                     |  1- 3 |  4- 6 || total
---------------------------+-------+-------++-------
   Fire: Shortbow          |   123 |   124 ||   247
    Use: Potion            |     1 |     4 ||     5
         Scroll            |       |     5 ||     5
 Armour: Leather armour    |    25 |    43 ||    68
  Dodge: Dodged            |    25 |    50 ||    75

Table legend:
 A = Non-vault XP
 B = Vault XP
 C = Vault XP percentage of total XP
 D = Non-vault monster count
 E = Vault monster count
 F = Vault count percentage of total count
                 A         B        C        D         E       F
            +---------+---------+-------+---------+---------+-------
      Total |     305 |      35 |  10.3 |      65 |       1 |   1.5
            +---------+---------+-------+---------+---------+-------
        D:1 |      41 |       0 |   0.0 |      23 |       0 |   0.0
        D:2 |      42 |       0 |   0.0 |      15 |       0 |   0.0
        D:3 |     149 |      35 |  19.0 |      20 |       1 |   4.8
        D:4 |      73 |       0 |   0.0 |       7 |       0 |   0.0
            +---------+---------+-------+---------+---------+-------
